 Dungeon Crawl Stone Soup version 0.27.1-1-g398f81649c (webtiles) character file.

Game seed: 15682423982562247512

19 acemry the Changer (level 2, -5/18 HPs)
             Began as an Octopode Transmuter on Sept 6, 2021.
             Slain by Jessica (6 damage)
             ... on level 1 of the Dungeon.
             The game lasted 00:01:56 (1030 turns).

acemry the Changer (Octopode Transmuter)            Turns: 1030, Time: 00:01:56

Health: -5/18      AC:  1    Str:  9    XL:     2   Next: 75%
Magic:  4/5        EV: 13    Int: 15    God:
Gold:   61         SH:  0    Dex: 12    Spells: 4/5 levels left

rFire    . . .     SeeInvis .     - Unarmed
rCold    . . .     Faith    .   (no shield)
rNeg     . . .     Spirit   .   (helmet currently unavailable)
rPois    .         Reflect  .   (no amulet)
rElec    .         Harm     .   a - ring of wizardry
rCorr    .         Rampage  .   (no ring)
Will     .....                  (no ring)
Stlth    ++........             (no ring)
HPRegen  0.06/turn              (no ring)
MPRegen  0.09/turn              (no ring)
                                (no ring)
                                (no ring)

@: appendages
A: tentacle spike 3, almost no armour, amphibious, 8 rings, camouflage 1,
gelatinous body 1, (nimble swimmer 1), tentacles
a: End Transformation


You were on level 1 of the Dungeon.
One of your tentacles had grown a beastly spike.
You visited 1 branch of the dungeon, and saw 2 of its levels.

You collected 61 gold pieces.

Inventory:

Armour
 e - a +0 buckler
Jewellery
 a - a ring of wizardry (left tentacle)
Scrolls
 b - a scroll of identify {unknown}
 c - a scroll of summoning {unknown}
 d - a scroll of acquirement {unknown}


   Skills:
 - Level 1.0 Fighting
 - Level 2.0 Dodging
 * Level 0.2 Shields
 - Level 3.0 Unarmed Combat
 - Level 2.0 Spellcasting
 + Level 3.1 Transmutations


You had 4 spell levels left.
You knew the following spells:

 Your Spells              Type           Power      Damage    Failure   Level
a - Beastly Appendage     Tmut           22%        N/A       2%          1

Your spell library contained the following spells:

 Spells                   Type           Power      Damage    Failure   Level
 Wereblood                Tmut           11%        N/A       3%          2
 Spider Form              Tmut/Pois      3%         N/A       14%         3
 Ice Form                 Ice/Tmut       6%         N/A       41%         4


Dungeon Overview and Level Annotations

Branches:
Dungeon (2/15)

Altars:

Annotations:
D:1 Jessica


Innate Abilities, Weirdness & Mutations

One of your tentacles has grown a beastly spike.
You cannot wear most types of armour.
You are amphibious.
You can wear up to eight rings at the same time.
Your skin changes colour to match your surroundings (Stealth+).
Your rubbery body absorbs attacks. (AC +1, EV +1)
((You are camouflaged near water. (Stealth+)))
You have tentacles for arms and can constrict up to eight enemies at once.


Message History

You tentacle-slap the bat.
You kill the bat!
There is a stone staircase leading up here.
The kobold hits you with a +0 short sword.
You climb upwards.
There is a stone staircase leading down here.
You tentacle-slap the kobold.
You kill the kobold!
No target in view!
You start resting.
Your transformation is almost over.
You start resting.
Magic restored.
You start resting.
Your tentacle spike disappears.
One of your tentacles grows a vicious spike.
You climb downwards.
Level annotation: Jessica The quokka closely misses you.
A kobold comes into view. It is wielding a +0 dagger.
The quokka closely misses you.
There is a stone staircase leading up here.
You closely miss Jessica. You grab Jessica. You constrict Jessica.
The quokka closely misses you. The kobold closely misses you.
Jessica hits you with a +0 dagger.
You release your grip on Jessica.
The quokka bites you.
The kobold hits you with a +0 short sword.
Jessica hits you with a +0 dagger.
* * * LOW HITPOINT WARNING * * *
You climb upwards.
There is a stone staircase leading down here.
Okay, then.
You aren't carrying any potions.
You tentacle-slap Jessica. Your grab misses Jessica.
Jessica is moderately wounded.
The quokka barely misses you. The kobold misses you.
You tentacle-slap Jessica but do no damage.
You grab Jessica.
Jessica is moderately wounded.
You constrict Jessica. Jessica hits you with a +0 dagger.
You die...

#.....#
######.....#######
##.................
#.....#.....#######
#.....#.....#......
#.....#.....#......
#.....#######......
##K##########......
#@r...............
#@###############.
#...######........
#.#...............
#.#....#≈##.......
#....###≈≈#≈#.....
#....#≈≈≈≈≈≈#.....
#.#.#≈≈#≈≈#≈##....
#.#.#≈≈≈≈≈≈≈≈#.(..


You could see Jessica, a quokka and a kobold.

Vanquished Creatures
  A ball python (D:1)
  4 endoplasms (D:1)
  A giant cockroach (D:1)
  A goblin (D:1)
  2 hobgoblins (D:1)
  4 bats
  A frilled lizard (D:1)
  2 kobolds (D:1)
  A rat (D:1)
17 creatures vanquished.

Notes
Turn   | Place    | Note
-------+----------+-------------------------------------------
     0 | D:1      | acemry the Octopode Transmuter began the quest for the Orb.
     0 | D:1      | Reached XP level 1. HP: 13/13 MP: 3/3
   373 | D:1      | Reached XP level 2. HP: 18/18 MP: 3/5
  1006 | D:2      | Noticed Jessica
  1030 | D:1      | Slain by Jessica

Illustrated notes

Levels and vault maps discovered:
D:1:      dpeg_arrival_tiny_k, layout_basic, kennysheep_another_room,
          st_stairs_12, minivault_4
D:2:      layout_rooms, minmay_misc_feat_enclosed, hangedman_decor_points,
          uniq_jessica

Skill      XL: |  1  2 |
---------------+-------+-----
Transmutations | 3 |  3.1
Fighting       | |  1.0
Dodging        | |  2.0
Shields        | |  0.2
Unarmed Combat | |  3.0
Spellcasting   | |  2.0

Action                   || total
-------------------------++-------
Melee: Unarmed           ||    46
       Constrict         ||    14
       Tentacles         ||     6
       Kick              ||     7
 Cast: Beastly Appendage ||    16
 Stab: Sleeping          ||     2
Armor: Skin              ||    11
Dodge: Dodged            ||    35
